 Dungeon Crawl Stone Soup version 0.20-a0-618-gbb8d3ca (webtiles) character file.

613 Laan the Magician (level 7, 0/46 HPs)
             Began as a Mummy Fire Elementalist on Feb 9, 2017.
             Was an Initiate of Vehumet.
             Killed from afar by a hound (46 damage)
             ... with an exploding inner flame
             ... hexed by the player character
             ... on level 5 of the Dungeon.
             The game lasted 00:09:49 (4147 turns).

Laan the Magician (Mummy Fire Elementalist)         Turns: 4147, Time: 00:09:49

Health: 0/46       AC:  7    Str: 12    XL:     7   Next: 20%
Magic:  12/16      EV: 12    Int: 21    God:    Vehumet [......]
Gold:   165        SH:  0    Dex: 12    Spells: 13/18 levels left

rFire    x . .     SeeInvis .   k - +0 whip (elec)
rCold    + . .     Gourm    .   d - +2 robe {Archmagi}
rNeg     + + +     Faith    .   (no shield)
rPois    ∞         Spirit   .   (no helmet)
rElec    .         Reflect  .   (no cloak)
rCorr    .         Harm     .   l - +2 pair of gloves {archery}
MR       .....     Rnd*Tele +   (no boots)
Stlth    ++........             (no amulet)
Regen    0.2/turn               i - ring of teleportation (curse)
                                a - +5 ring of intelligence

@: no status effects
A: no food or potions, fire vulnerability, cold resistance 1, negative energy
resistance 3, torment resistance, unbreathing
a: Renounce Religion


You were on level 5 of the Dungeon.
You worshipped Vehumet.
Vehumet was noncommittal.
You were not hungry.

You visited 2 branches of the dungeon, and saw 6 of its levels.

You collected 165 gold pieces.

Inventory:

Hand Weapons
 g - a +0 short sword of freezing
 k - a +0 whip of electrocution (weapon)
 n - a +0 flail of protection
Armour
 d - a +2 robe of the Archmagi (worn)
 l - a +2 pair of gloves of archery (worn)
Jewellery
 a - a +5 ring of intelligence (left hand)
 e - an uncursed ring of flight
 h - an uncursed ring of see invisible
 i - a cursed ring of teleportation (right hand)
 j - an uncursed ring of protection from fire
 q - an uncursed ring of resist corrosion {unknown}
 r - an uncursed ring of poison resistance {unknown}
 t - an uncursed ring of magical power {unknown}
Wands
 s - a wand of clouds (3/9)
Scrolls
 m - a scroll of blinking
 o - 2 scrolls of fog
 p - a scroll of identify
Books
 b - a book of Flames

   Spells                             Type                      Level
   a - Flame Tongue                   Conjuration/Fire             1
   b - Throw Flame                    Conjuration/Fire             2
   c - Conjure Flame                  Conjuration/Fire             3
   d - Inner Flame                    Hexes/Fire                   3
   e - Sticky Flame                   Conjuration/Fire             4
   f - Fireball                       Conjuration/Fire             5
 c - a book of Misfortune

   Spells                             Type                      Level
   a - Confusing Touch                Hexes                        1
   b - Confuse                        Hexes                        3
   c - Gell's Gravitas                Hexes/Translocation          3
   d - Petrify                        Transmutation/Earth          4
   e - Metabolic Englaciation         Hexes/Ice                    5
   f - Yara's Violent Unravelling     Hexes/Transmutation          5
 f - a book of Changes

   Spells                             Type                      Level
   a - Beastly Appendage              Transmutation                1
   b - Sticks to Snakes               Transmutation                2
   c - Spider Form                    Transmutation/Poison         3
   d - Ice Form                       Ice/Transmutation            4
   e - Blade Hands                    Transmutation                5


   Skills:
 - Level 1.5 Dodging
 - Level 1.5 Stealth
 + Level 6.0 Spellcasting
 * Level 5.2 Conjurations
 - Level 2.4 Fire Magic


You had 13 spell levels left.
You knew the following spells:

 Your Spells              Type           Power        Failure   Level  Hunger
a - Flame Tongue          Conj/Fire      ####.        1%          1    N/A
b - Sticky Flame          Conj/Fire      ####....     24%         4    N/A

Dungeon Overview and Level Annotations

Branches:
Dungeon (5/15)             Temple (1/1) D:5

Altars:
Makhleb
Okawaru
Qazlal
Vehumet
Zin
The Shining One


Innate Abilities, Weirdness & Mutations

You do not eat or drink.
Your flesh is vulnerable to fire.
You are immune to poison.
Your flesh is cold resistant. (rC+)
You are immune to negative energy. (rN+++)
You are immune to unholy pain and torment.
You can survive without breathing.


Message History

The hound is heavily wounded.
The hound bites you but does no damage.
Casting: Flame Tongue
Confirm with . or Enter, or press ? or * to list all spells.
Aiming: Flame Tongue
Press: ? - help, Shift-Dir - straight line, f/p - hound
Aim: a hound (heavily wounded, inner flame)
You feel a surge of power!
The flame tongue hits the hound.
The hound is almost dead.
The hound closely misses you. The hound misses you.
Casting: Flame Tongue
Confirm with . or Enter, or press ? or * to list all spells.
Aiming: Flame Tongue
Press: ? - help, Shift-Dir - straight line, f/p - hound
Aim: a hound (almost dead, inner flame)
You feel a surge of power!
The flame tongue hits the hound.
The hound explodes!
The fiery explosion engulfs you! The fire burns you terribly!
Ouch! That really hurt!
You die...

#..#... #######..#...
#............ ****#######*
#........#... *,,,.......*
#........#... *,,,...!...*
#.....)..##.. *,,,.....§§*
#..>.....####
*,,,.....§§#####............
*,,,.......@...............#
*,,,.......##....###########
***,,,........#.####
*,,,,,............### #
*,*,,,..$....##.#...##### #
**,****########..###.....######
**,,,** #.## #####.......
**,,,,,** #.# ##......
*,,,,,,,**#######.########..#####


There were no monsters in sight!

Vanquished Creatures
  An ice beast (D:5)
  2 ogres
  A crimson imp (D:5)
  5 hounds
  A worker ant (D:5)
  8 adders
  An adder skeleton (D:5)
  3 dart slugs
  4 leopard geckos
  6 orcs (D:4)
  A giant cockroach (D:2)
  8 goblins
  A hobgoblin (D:3)
  12 kobolds
  2 quokkas
  2 ball pythons
  5 bats
  5 frilled lizards
  A quokka skeleton (D:4)
  10 rats
79 creatures vanquished.

Notes
Turn   | Place    | Note
-------+----------+-------------------------------------------
     0 | D:1      | Laan the Mummy Fire Elementalist began the quest for the Orb.
     0 | D:1      | Reached XP level 1. HP: 13/13 MP: 4/4
    81 | D:1      | Reached skill level 1 in Conjurations
   214 | D:1      | Reached skill level 3 in Spellcasting
   237 | D:1      | Reached XP level 2. HP: 15/19 MP: 0/6
  1067 | D:2      | Reached XP level 3. HP: 24/24 MP: 3/7
  1660 | D:2      | Reached XP level 4. HP: 30/30 MP: 4/9
  1673 | D:2      | Reached skill level 4 in Spellcasting
  1730 | D:2      | Learned a level 4 spell: Sticky Flame
  2262 | D:2      | Found a glowing golden altar of the Shining One.
  2263 | D:2      | Found an iron altar of Okawaru.
  2738 | D:4      | Reached XP level 5. HP: 35/35 MP: 5/11
  2939 | D:4      | Noticed an ogre
  2946 | D:4      | Killed an ogre
  3186 | D:4      | Reached XP level 6. HP: 41/41 MP: 9/13
  3282 | D:4      | Reached skill level 5 in Spellcasting
  3514 | D:5      | Entered Level 5 of the Dungeon
  3514 | D:5      | Noticed an ice beast
  3518 | D:5      | Killed an ice beast
  3747 | D:5      | Found a staircase to the Ecumenical Temple.
  3756 | Temple   | Entered the Ecumenical Temple
  3765 | Temple   | Became a worshipper of Vehumet
  3910 | D:5      | Reached skill level 5 in Conjurations
  3910 | D:5      | Reached XP level 7. HP: 36/46 MP: 7/15
  3987 | D:5      | Found a stormy altar of Qazlal.
  3992 | D:5      | Reached skill level 6 in Spellcasting
  4147 | D:5      | Killed from afar by a hound

Vault maps used:
D:1:      roderic_octagonal_star
D:2:      gammafunk_temple_overflow_wave
D:3:      first_bread
D:4:      minmay_checkerbox
D:5:      lemuel_round_altar, old_standard_altar,
          minmay_temple_entry_enclosed_plants, chequers_big_river
Temple:   nicolae_temple_elliptical

Skill      XL: |  1  2  3  4  5  6  7 |
---------------+----------------------+-----
Conjurations   | 1 2 3 4 5 |  5.2
Spellcasting   | 3 4 5 6 |  6.0
Dodging        | |  1.5
Stealth        | |  1.5
Fire Magic     | |  2.4

Action                   |  1- 3 |  4- 6 |  7- 9 || total
-------------------------+-------+-------+-------++-------
Melee: Unarmed           |     7 |       |       ||     7
       Whip              |       |     2 |       ||     2
 Cast: Flame Tongue      |    66 |    87 |     8 ||   161
  Use: Scroll            |       |     6 |     1 ||     7
Armor: Robe              |     8 |     6 |     1 ||    15
Dodge: Dodged            |    29 |    14 |     2 ||    45
